 Dungeon Crawl Stone Soup version 0.31-a0-940-gdaa99269f9 (webtiles) character file.

Game seed: 14653436551220295768

588 BigDaddyOpFi the Covered (level 7, -1/6 HPs)
             Began as an Armataur Fighter on Oct 20, 2023.
             Slain by Pargi (4 damage)
             ... on level 3 of the Dungeon.
             The game lasted 00:05:13 (3794 turns).

BigDaddyOpFi the Covered (Armataur Fighter)         Turns: 3794, Time: 00:05:14

Health: -1/6       AC:  4    Str: 24    XL:     7   Next: 15%
Magic:  0/7        EV:  6    Int:  8    God:
Gold:   165        SH:  0    Dex:  9    Spells: 6/6 levels left

rFire   . . .        a - melded +0 war axe
rCold   x . .        m - melded +0 kite shield
rNeg    . . .        g - +0 chain mail
rPois   +            i - +0 helmet
rElec   .            (no cloak)
rCorr   .            (gloves currently unavailable)
SInv    .            (no barding)
Will    .....        k - amulet of guardian spirit Stlth
                     d - ring of poison resistance
HPRegen 0.21/turn    (no ring)
MPRegen 0.10/turn

%: guardian spirit, roll
@: about to teleport, blade hands
A: reduced hp, large, rugged brown scales 3, deformed body, armoured tail, roll,
long tongue, awkward tongue, fangs 1, cold vulnerability 1, inability to drink
after injury 1
a: Begin Untransformation


You were on level 3 of the Dungeon.
You had blades for hands.
You visited 1 branch of the dungeon, and saw 3 of its levels.

You collected 165 gold pieces.

Inventory:

Hand Weapons
 a - a +0 war axe (melded)
Missiles
 f - 2 throwing nets
Armour
 g - a +0 chain mail (worn)
 i - a +0 helmet (worn)
 m - a +0 kite shield (melded)
Jewellery
 d - a ring of poison resistance (left blade hand)
 k - an amulet of guardian spirit (around neck)
Talismans
 c - a blade talisman (active)
Wands
 b - a wand of roots (8)
Scrolls
 e - a scroll of enchant armour {unknown}
 h - 2 scrolls of vulnerability
 j - 2 scrolls of teleportation
 l - a scroll of fog {unknown}
 n - 2 scrolls of identify


   Skills:
 + Level 4.4 Fighting
 + Level 3.4 Axes
 + Level 5.8 Armour
 + Level 5.3 Shields
 * Level 0.0 Shapeshifting


You had 6 spell levels left.
You didn't know any spells.
Your spell library was empty.

Dungeon Overview and Level Annotations

Branches:
Dungeon (3/15)

Altars:
Ru
Trog
Vehumet
Yredelemnul

Annotations:
D:2 Terence
D:3 Pargi


Innate Abilities, Weirdness & Mutations

You have blades for hands.
Your maximum health is decreased, since you lack skill for your form.
You are incapable of wielding weapons or throwing items.
You are completely covered in rugged brown scales. (AC +3, +7% HP)
Armour fits poorly on your strangely shaped body.
You have a long armoured tail.
You roll when moving toward enemies. (Rampage)
Your long tongue fully drains potion bottles. (2x potion effects)
Your tongue gives you trouble enunciating. (1.5x scroll delay)
You have very sharp teeth.
You are vulnerable to cold. (rC-)
You occasionally lose the ability to drink potions when taking damage.


Message History

Things that are here:
a +0 dagger; a ball python corpse; a kobold corpse You see here 5 stones.
Found a club.
Key pressed, stopping explore.
No target in view!
A frilled lizard comes into view.
The frilled lizard hisses angrily.
A frilled lizard is nearby!
A frilled lizard is nearby!
You roll towards the frilled lizard!
You hit the frilled lizard.
You kill the frilled lizard!
Items here: )))) [[.
There is an open door here.
There is an open door here.
There is an open door here.
You now have 165 gold pieces (gained 9).
You open the door.
There is an open door here.
There is an open door here.
Pargi the Meek comes into view.
Pargi shouts!
Pargi is nearby!
Found a golden potion.
Pargi is nearby!
You roll towards Pargi!
You hit Pargi.
Pargi is lightly wounded.
Pargi bites you. Pargi claws you. Pargi claws you but does no damage.
You are too injured to fight recklessly!
As you slowly read the scroll labelled MEXOFEHOYKK, it crumbles to dust.
It is a scroll of identify.
j - 3 scrolls of teleportation Pargi completely misses you.
Pargi claws you. x2
As you slowly read the scroll of teleportation, it crumbles to dust.
You feel strangely unstable. Pargi bites you but does no damage.
Pargi claws you but does no damage. x2; Pargi bites you but does no damage.
Pargi closely misses you. Pargi barely misses you.
Pargi attacks as he pursues you! Pargi bites you.
Ouch! That really hurt!
You die...

######## #....~≈≈≈~≈
.......###
#....~≈#####
....##...#
#..!.~≈#...#
.#≈.).##.#
#...P~≈#...#########
.#≈≈≈..#.#
#....~≈###)#....'...
.#≈§≈≈...##
#....~≈≈.#.#....####
.#§≈§§≈...#
#.P..≈≈~.#(#....#...
.#§≈≈§§...#
#..T.≈≈~.#.######...
.#####≈≈.§#
#..@.~~~.#.)....'...
.....#§≈§.#
#....≈≈~.#.)....'...
###.##§≈§.#
#....~≈~.#.#########
≈§#.##≈≈..#
#....~≈≈.#.#..#..###
≈§##.##≈..#
#....≈≈~.#.#..'..'..
≈≈§##.#(..#
#...P~≈###)#..#..###
≈≈§≈##....#
#....~≈#...#########
§§≈≈≈#...##
#....~≈#...#........
≈§§§≈..#.#
#....~≈#####≈~~≈~~~~


You could see Pargi.

Vanquished Creatures
  A gnoll sergeant (D:3)
  A gnoll bouda (D:2)
  Jessica (D:2)
  Natasha (thrice) (D:2)
  2 orc wizards (D:3)
  17 gnolls (D:3)
  5 adders (D:3)
  3 worms (D:3)
  3 dart slugs (D:1)
  27 orcs (D:3)
  6 endoplasms
  5 giant cockroaches
  7 goblins
  5 hobgoblins (D:1)
  4 jackals (D:3)
  7 kobolds
  2 quokkas
  2 ball pythons (D:3)
  4 bats (D:1)
  5 frilled lizards
  8 rats
118 creatures vanquished.

Notes
Turn   | Place    | Note
-------+----------+-------------------------------------------
     0 | D:1      | BigDaddyOpFi the Armataur Fighter began the quest for the
                  | Orb.
     0 | D:1      | Reached XP level 1. HP: 19/19 MP: 1/1
    48 | D:1      | Reached XP level 2. HP: 26/26 MP: 2/2
   448 | D:1      | Reached XP level 3. HP: 31/31 MP: 3/3
   747 | D:2      | Noticed Jessica
   751 | D:2      | Killed Jessica
   752 | D:2      | Reached XP level 4. HP: 36/40 MP: 4/4
   861 | D:2      | Noticed Natasha
   878 | D:2      | Killed Natasha
   966 | D:2      | Noticed Natasha
   975 | D:2      | Killed Natasha
  1072 | D:2      | Noticed Natasha
  1078 | D:2      | Killed Natasha
  1079 | D:2      | Reached XP level 5. HP: 48/48 MP: 5/5
  1218 | D:3      | Identified the of Fuele
  1219 | D:3      | Found a radiant altar of Vehumet.
  1283 | D:3      | Noticed Terence
  1308 | D:2      | Gained mutation: You occasionally lose the ability to drink
                  | potions when taking damage. [potion of mutation]
  1308 | D:2      | Gained mutation: You are vulnerable to cold. (rC-) [potion
                  | of mutation]
  1308 | D:2      | Gained mutation: You have very sharp teeth. [potion of
                  | mutation]
  1821 | D:3      | Reached skill level 5 in Armour
  1847 | D:3      | Reached XP level 6. HP: 21/55 MP: 3/6
  2218 | D:3      | Found a basalt altar of Yredelemnul.
  2350 | D:3      | Found a bloodstained altar of Trog.
  2466 | D:3      | Reached skill level 5 in Shields
  2523 | D:3      | HP: 2/55 [gnoll/+0 halberd (1)]
  3011 | D:3      | Reached XP level 7. HP: 36/63 MP: 4/7
  3616 | D:3      | Found a sacrificial altar of Ru.
  3788 | D:3      | Noticed Pargi
  3794 | D:3      | Slain by Pargi

Illustrated notes

Levels and vault maps discovered:
D:1:      ebering_hopf_link, layout_basic, minivault_26
D:2:      layout_rooms, uniq_natasha, uniq_jessica
D:3:      lemuel_castle_with_subvaults [lemuel_castle_interior_original],
          layout_loops_ring, nicolae_ru_the_path_less_chosen, trog_book,
          nicolae_overflow_crystal_walls, mainiacjoe_overflow_24_doors,
          grunt_decor_junction, uniq_pargi, uniq_terence

Skill      XL: |  1  2  3  4  5  6 |
---------------+-------------------+-----
Armour         | 4 5 |  5.8
Fighting       | 3 4 |  4.4
Axes           | 2 3 |  3.4
Shields        | 4 5 |  5.3

Action                     |  1- 3 |  4- 6 |  7- 9 || total
---------------------------+-------+-------+-------++-------
  Melee: War axe           |    91 |   233 |    27 ||   351
         Tailslap          |    11 |    25 |     6 ||    42
         Bite              |       |    13 |     3 ||    16
         Unarmed           |       |       |    12 ||    12
    Use: Scroll            |     1 |     4 |     2 ||     7
         Potion            |       |     4 |       ||     4
 Armour: Scale mail        |    35 |       |       ||    35
         Chain mail        |    28 |   289 |    33 ||   350
  Dodge: Dodged            |    34 |    71 |     8 ||   113
  Block: Buckler           |    12 |    51 |       ||    63
         Kite shield       |       |    33 |    13 ||    46
   Form: Blade             |       |       |     1 ||     1

Table legend: (Time is in decaauts)
 A = Elapsed time spent in this place.
 B = Non-inter-level travel time spent in this place.
 C = Inter-level travel time spent in this place.
 D = Time resting spent in this place.
 E = Time spent auto-exploring this place.
 F = Levels seen in this place.
 G = Mean time per level.
                   A        B        C        D        E       F      G
               +--------+--------+--------+--------+--------+-----+--------+
         Total |   3975 |   3944 |     31 |   1181 |   1530 |   3 | 1325.0 |
       Dungeon |   3975 |   3944 |     31 |   1181 |   1530 |   3 | 1325.0 |
               +--------+--------+--------+--------+--------+-----+--------+

Top non-repeatable levels by time:
     D:3: 2044 daAuts
     D:1: 1115 daAuts
     D:2: 815 daAuts
